 Dungeon Crawl Stone Soup version 0.21-a0-349-g0c35859 (webtiles) character file.

122 vishdafish the Covered (level 4, 35/35 HPs)
             Began as a Demonspawn Fighter on Oct 7, 2017.
             Quit the game on level 3 of the Dungeon.
             The game lasted 00:02:39 (2021 turns).

vishdafish the Covered (Demonspawn Fighter)         Turns: 2021, Time: 00:02:40

Health: 35/35      AC:  9    Str: 17    XL:     4   Next: 78%
Magic:  4/4        EV:  7    Int: 10    God:
Gold:   149        SH:  9    Dex: 12    Spells: 3/3 levels left

rFire    . . .     SeeInvis .   a - +0 war axe
rCold    . . .     Gourm    .   c - +0 shield
rNeg     . . .     Faith    .   b - +0 scale mail
rPois    .         Spirit   .   (no helmet)
rElec    .         Reflect  .   l - +0 cloak
rCorr    .         Harm     .   (no gloves)
MR       .....                  r - +0 pair of boots
Stlth    +.........             (no amulet)
HPRegen  0.11/turn              (no ring)
MPRegen  0.09/turn              (no ring)

@: no status effects
A: talons 1, nightstalker 1
a: no special abilities


You were on level 3 of the Dungeon.
You were hungry.

You visited 1 branch of the dungeon, and saw 3 of its levels.

You collected 149 gold pieces.

Inventory:

Hand Weapons
 a - a +0 war axe (weapon)
Missiles
 s - a throwing net (quivered)
Armour
 b - a +0 scale mail (worn)
 c - a +0 shield (worn)
 l - a +0 cloak (worn)
 r - a +0 pair of boots (worn)
Wands
 w - a wand of enslavement (7/24)
Scrolls
 e - 2 scrolls of teleportation {unknown}
 g - 4 scrolls of identify {unknown}
 k - 6 scrolls of remove curse {unknown}
 n - a scroll of fear {unknown}
 q - 2 scrolls of blinking {unknown}
 t - a scroll of enchant armour {unknown}
 x - a scroll of immolation {unknown}
Potions
 d - a potion of might
 h - a potion of cancellation {unknown}
 i - a potion of mutation {unknown}
 j - a potion of curing {unknown}
 m - 2 potions of heal wounds {unknown}
 o - a potion of berserk rage {unknown}
 p - a potion of resistance {unknown}
 u - a potion of brilliance {unknown}
Comestibles
 f - 4 bread rations
 v - a royal jelly


   Skills:
 + Level 3.4 Fighting
 * Level 2.8 Axes
 + Level 3.5 Armour
 + Level 1.2 Dodging
 + Level 3.1 Shields


You had 3 spell levels left.
You didn't know any spells.

Dungeon Overview and Level Annotations

Branches:
Dungeon (3/15)

Altars:


Innate Abilities, Weirdness & Mutations

You have sharp toenails.
You are slightly more attuned to the shadows.


Message History

The orc wizard casts a spell at you.
You feel as though you will be slow longer.
The orc wizard points at you and mumbles some strange words.
The magic dart hits you! The orc wizard barely misses you.
The orc wizard hits you but does no damage.
You slash the orc wizard!
You kill the orc wizard!
Things that are here:
a dagger; a robe
Things that are here:
a trident; a ring mail You see here an orc corpse.
You see here a leather armour.
You are feeling hungry.
x - a scroll labeled UDIZOC XAELU You start resting.
You feel yourself speed up.
You start resting.
HP restored.
Are you sure you want to abandon this character and quit the game? (Confirm with "yes".)

..............#..................
###############..###########.....
..........#########.....
..................+....)
..........##......#.....
.#.......<.'......#.....
#.#######.#......#.....
...........#......#.....
##.....@.#.#......#.....
#....##.###......#.....
#................###+#+
#...............)##
#........[†)......#
#.##.......)......# #
#..............# #...............
#...............


There were no monsters in sight!

Vanquished Creatures
  An orc priest (D:3)
  An orc wizard (D:3)
  An adder (D:2)
  A worm (D:1)
  A dart slug (D:1)
  2 leopard geckos
  2 orcs (D:3)
  6 bats
  5 giant cockroaches
  3 goblins
  8 hobgoblins
  4 kobolds
  3 frilled lizards
  10 rats
48 creatures vanquished.

Notes
Turn   | Place    | Note
-------+----------+-------------------------------------------
     0 | D:1      | vishdafish the Demonspawn Fighter began the quest for the Orb.
     0 | D:1      | Reached XP level 1. HP: 18/18 MP: 1/1
   338 | D:1      | Gained mutation: You have sharp toenails. [demonic ancestry]
   338 | D:1      | Reached XP level 2. HP: 24/24 MP: 2/2
   591 | D:1      | Reached XP level 3. HP: 25/29 MP: 3/3
  1588 | D:3      | Reached skill level 1 in Dodging
  1861 | D:3      | Gained mutation: You are slightly more attuned to the shadows. [demonic ancestry]
  1861 | D:3      | Reached XP level 4. HP: 26/35 MP: 4/4
  2021 | D:3      | Quit the game

Vault maps used:
D:1:      evilmike_arrival_run_for_it, hex_medium
D:2:      first_bread

Skill      XL: |  1  2  3 |
---------------+----------+-----
Armour         | 3 |  3.5
Axes           | 2 |  2.8
Shields        | 3 |  3.1
Dodging        | 1 |  1.2
Fighting       | |  3.4

Action                   |  1- 3 |  4- 6 || total
-------------------------+-------+-------++-------
Melee: War axe           |   123 |     6 ||   129
       Kick              |    15 |       ||    15
  Eat: Chunk             |     2 |       ||     2
       Fruit             |     1 |       ||     1
Armor: Scale mail        |    69 |    11 ||    80
Dodge: Dodged            |    39 |     3 ||    42
Block: Shield            |    50 |     7 ||    57

Table legend:
 A = Spawn XP
 B = Non-spawn XP
 C = Spawn XP percentage of total XP
 D = Spawn monster count
 E = Non-spawn monster count
 F = Spawn count percentage of total count
 G = Total turns spent on level
                    A         B        C        D         E        F      G
               +---------+---------+-------+---------+---------+-------+---------
         Total |       0 |     175 |   0.0 |       0 |      48 |   0.0 |  2021
               +---------+---------+-------+---------+---------+-------+---------
           D:1 |       0 |      53 |   0.0 |       0 |      28 |   0.0 |   895
           D:2 |       0 |      28 |   0.0 |       0 |      10 |   0.0 |   691
           D:3 |       0 |      94 |   0.0 |       0 |      10 |   0.0 |   435
               +---------+---------+-------+---------+---------+-------+---------
